 Dungeon Crawl Stone Soup version 0.29-a0-298-g3c90f9a769 (webtiles) character file.

Game seed: 6592258809169589239

824 kae the Firebug (level 7, 0/41 HPs)
             Began as a Tengu Fire Elementalist on Mar 22, 2022.
             Slain by Pikel
             ... wielding a +0 whip of freezing
              (2 damage)
             ... on level 5 of the Dungeon.
             The game lasted 00:05:13 (8861 turns).

kae the Firebug (Tengu Fire Elementalist)           Turns: 8861, Time: 00:05:14

Health: 0/41       AC:  4    Str:  9    XL:     7   Next: 96%
Magic:  2/14       EV: 14    Int: 17    God:
Gold:   155        SH:  0    Dex: 14    Spells: 5/14 levels left

rFire   . . .      SeeInvis .   g - +2 short sword (drain)
rCold   . . .      Faith    .   (no shield)
rNeg    + . .      Spirit   .   a - +0 robe
rPois   .          Reflect  .   k - +2 hat
rElec   .          Harm     .   (no cloak)
rCorr   .          Rampage  .   (no gloves)
Will    .....                   (boots unavailable)
Stlth   ++........              (no amulet)
HPRegen 0.13/turn               l - ring of positive energy
MPRegen 0.14/turn               (no ring)

@: flying quickly and evasively, quick
A: beak, talons 3, nimble flight
a: no special abilities


You were on level 5 of the Dungeon.
You visited 1 branch of the dungeon, and saw 6 of its levels.

You collected 298 gold pieces.
You spent 143 gold pieces at shops.

Inventory:

Hand Weapons
 g - a +2 short sword of draining (weapon)
Armour
 a - a +0 robe (worn)
 k - a +2 hat (worn)
Jewellery
 l - a ring of positive energy (left hand)
Scrolls
 c - a scroll of amnesia
 d - 2 scrolls of identify
Potions
 b - a potion of magic
 e - 2 potions of flight
 f - 3 potions of haste
 h - 2 potions of curing
 i - a potion of resistance
 j - a potion of mutation


   Skills:
 + Level 3.5 Fighting
 - Level 2.1 Dodging
 - Level 2.0 Stealth
 + Level 4.0 Spellcasting
 + Level 5.0 Conjurations
 * Level 6.8 Fire Magic


You had 5 spell levels left.
You knew the following spells:

 Your Spells              Type           Power      Damage    Failure   Level
a - Foxfire               Conj/Fire      92%        2x1d8     1%          1
b - Scorch                Fire           52%        2d8       1%          2
c - Conjure Flame         Conj/Fire      23%        6-21      4%          3
d - Inner Flame           Hex/Fire       15%        N/A       12%         3

Your spell library contained the following spells:

 Spells                   Type           Power      Damage    Failure   Level
 Magic Dart               Conj           80%        1d7       1%          1
 Flame Wave               Conj/Fire      23%        2d7       14%         4
 Sticky Flame             Conj/Fire      23%        2d4       14%         4
 Pain                     Necr           12%        1d4       16%         1
 Sandblast                Erth           6%         2d5       16%         1
 Ignite Poison            Fire/Tmut/Pois 11%        N/A       19%         3
 Call Imp                 Summ           3%         N/A       24%         2
 Mephitic Cloud           Conj/Pois/Air  9%         N/A       24%         3
 Call Canine Familiar     Summ           3%         N/A       43%         3
 Portal Projectile        Hex/Tloc       6%         N/A       43%         3
 Leda's Liquefaction      Hex/Erth       1%         N/A       83%         4
 Petrify                  Tmut/Erth      3%         N/A       83%         4
 Freezing Cloud           Conj/Ice/Air   4%         6-21      91%         5
 Agony                    Necr           3%         N/A       99%         5
 Excruciating Wounds      Necr           1%         N/A       99%         5
 Shatter                  Erth           1%         3d6*      100%        9


Dungeon Overview and Level Annotations

Branches:
Dungeon (6/15)
 Temple: D:4-7

Altars:
Gozag
Makhleb

Shops:
D:4 !

Annotations:
D:5 Pikel
D:6 Dowan, Duvessa, Menkaure, Sigmund


Innate Abilities, Weirdness & Mutations

You have a beak for a mouth.
You have claws for feet.
Your magical nature lets you fly swiftly and evasively.


Message History

You conjure some foxfire!
The foxfire hits Pikel!
Pikel is severely wounded.
The foxfire hits Pikel.
Pikel is severely wounded.
Pikel hits you with a +0 whip of freezing.
Pikel freezes you.
You see here 4 boomerangs.
Casting: Foxfire (safe; 1% risk of failure)
Confirm with . or Enter, or press ? or * to list all spells.
You conjure some foxfire!
The foxfire hits Pikel but does no damage.
Pikel is severely wounded.
Casting: Foxfire (safe; 1% risk of failure)
Confirm with . or Enter, or press ? or * to list all spells.
You conjure some foxfire!
Pikel hits you with a +0 whip of freezing.
Pikel freezes you. Pikel completely misses you.
Casting: Foxfire (safe; 1% risk of failure)
Confirm with . or Enter, or press ? or * to list all spells.
Flames lash the lemure.
The lemure is moderately wounded.
The lemure's fire resistance burns away.
Pikel hits you with a +0 whip of freezing.
Pikel freezes you.
Pikel hits you with a +0 whip of freezing!
* * * LOW HITPOINT WARNING * * *
Pikel freezes you.
* * * LOW HITPOINT WARNING * * *
Casting: Scorch (safe; 1% risk of failure)
Confirm with . or Enter, or press ? or * to list all spells.
Flames lash the lemure.
The lemure is burned terribly!
The lemure is severely wounded.
Pikel hits you with a +0 whip of freezing.
* * * LOW HITPOINT WARNING * * *
Pikel freezes you.
* * * LOW HITPOINT WARNING * * *
Pikel hits you with a +0 whip of freezing.
You die...

#......>.##
#.###.....########
#.####...........#
#........#######(#
#######.## #.# .##
#.# #.# ..# ##'## #5#
..# ##...## #K#
#.###.....## #@##
#.##.......#####v§##
#...........##.....##
#.+.........'..###..#
............##.# #.##
#..#.......###.###[#
#..##.....## #.....#
#.####...##
#####.####### #.#
##'## #...).....#


You could see Pikel (ally target) and a lemure (combustible).

Vanquished Creatures
  A water moccasin (D:6)
  A black bear (D:4)
  3 lemures (D:5)
  A phantom (D:5)
  A scorpion (D:5)
  A gnoll shaman (D:6)
  6 hounds
  3 orc wizards (D:2)
  8 adders
  6 gnolls
  A worm (D:4)
  2 orcs
  10 ball pythons
  7 endoplasms
  5 giant cockroaches
  8 goblins (D:1)
  6 hobgoblins
  6 jackals
  10 kobolds
  4 quokkas
  3 bats
  2 frilled lizards (D:1)
  3 rats
98 creatures vanquished.

Vanquished Creatures (others)
  267 foxfires
267 creatures vanquished.

Grand Total: 365 creatures vanquished

Notes
Turn   | Place    | Note
-------+----------+-------------------------------------------
     0 | D:1      | kae the Tengu Fire Elementalist began the quest for the
                  | Orb.
     0 | D:1      | Reached XP level 1. HP: 10/10 MP: 4/4
   272 | D:1      | Reached XP level 2. HP: 16/16 MP: 4/6
   373 | D:1      | Got the Grimoire of Clay
   908 | D:1      | Reached XP level 3. HP: 20/20 MP: 3/7
  1088 | D:1      | Reached skill level 1 in Fighting
  1323 | D:1      | Reached skill level 4 in Fire Magic
  1794 | D:2      | Found a faded altar of an unknown god.
  2086 | D:2      | Reached XP level 4. HP: 25/25 MP: 5/8
  2506 | D:2      | Gained mutation: Your magical nature lets you fly swiftly
                  | and evasively. [Tengu growth]
  2506 | D:2      | Reached XP level 5. HP: 21/30 MP: 7/10
  2790 | D:2      | Learned a level 2 spell: Scorch
  2794 | D:2      | Learned a level 3 spell: Conjure Flame
  2798 | D:2      | Learned a level 3 spell: Inner Flame
  4347 | D:3      | Found a burning altar of Makhleb.
  4656 | D:4      | Found Geuhel Dotutt's Distillery.
  4664 | D:4      | Bought a potion of haste for 110 gold pieces
  4664 | D:4      | Bought a potion of curing for 33 gold pieces
  4788 | D:4      | Reached skill level 5 in Fire Magic
  4936 | D:4      | Noticed a black bear
  4942 | D:4      | Reached XP level 6. HP: 35/35 MP: 7/11
  4948 | D:4      | Killed a black bear
  5667 | D:5      | Entered Level 5 of the Dungeon
  5764 | D:5      | Found an opulent altar of Gozag.
  6045 | D:5      | Reached XP level 7. HP: 40/40 MP: 7/13
  6114 | D:5      | Reached skill level 6 in Fire Magic
  7048 | D:6      | Noticed Menkaure
  7048 | D:6      | Noticed Sigmund
  7165 | D:6      | Noticed Pikel
  7550 | D:6      | Reached skill level 5 in Conjurations
  7726 | D:6      | Noticed Duvessa
  7728 | D:6      | Noticed Dowan
  8170 | D:5      | HP: 2/41 [lemure[Pikel] (7)]
  8860 | D:5      | HP: 2/41 [Pikel/+0 whip of freezing (1)]
  8861 | D:5      | Slain by Pikel

Illustrated notes

Levels and vault maps discovered:
D:1:      dpeg_arrival_arbitrary_c, layout_loops_corners, minmay_split_cup_small
D:2:      layout_basic, chequers_ecumenical_altar_lobes, chequers_arboretum,
          grunt_decor_fettered
D:3:      layout_basic, mainiacjoe_overflow_surrounded_room
D:4:      layout_basic, serial_shops, nicolae_lakefront_shop, st_stairs_6
D:5:      layout_loops_corners, old_standard_altar
D:6:      minmay_razor_zed, layout_cave_pools, gammafunk_temple_overflow_claw,
          serial_gnoll_camp, gnoll_camp_mini_shop, gnoll_camp_mini_basic,
          gnoll_camp_medium_02, gnoll_camp_mini_doghouse, uniq_menkaure,
          uniq_pikel, uniq_duvessa, uniq_sigmund

Skill      XL: |  1  2  3  4  5  6  7 |
---------------+----------------------+-----
Conjurations   | 2 3 4 5 |  5.0
Fighting       | 1 2 3 |  3.5
Fire Magic     | 4 5 6 |  6.8
Spellcasting   | 3 4 |  4.0
Dodging        | |  2.1
Stealth        | |  2.0

Action                   |  1- 3 |  4- 6 |  7- 9 || total
-------------------------+-------+-------+-------++-------
Melee: Unarmed           |    19 |    13 |       ||    32
       Kick              |     8 |     3 |     7 ||    18
       Peck              |     3 |     1 |     3 ||     7
       Short sword       |       |       |    21 ||    21
 Cast: Foxfire           |    68 |    58 |    38 ||   164
       Scorch            |       |    29 |    35 ||    64
       Conjure Flame     |       |       |     6 ||     6
  Use: Scroll            |     4 |     6 |     1 ||    11
       Potion            |       |     3 |       ||     3
 Stab: Sleeping          |     1 |       |       ||     1
Armor: Robe              |     5 |     6 |     9 ||    20
Dodge: Dodged            |    21 |    28 |    69 ||   118

Table legend: (Time is in decaauts)
 A = Elapsed time spent in this place.
 B = Non-inter-level travel time spent in this place.
 C = Inter-level travel time spent in this place.
 D = Time resting spent in this place.
 E = Time spent auto-exploring this place.
 F = Levels seen in this place.
 G = Mean time per level.
                   A        B        C        D        E       F      G
               +--------+--------+--------+--------+--------+-----+--------+
         Total |   8551 |   8309 |    242 |   1308 |   5980 |   6 | 1425.2 |
       Dungeon |   8551 |   8309 |    242 |   1308 |   5980 |   6 | 1425.2 |
               +--------+--------+--------+--------+--------+-----+--------+

Top non-repeatable levels by time:
     D:5: 2258 daAuts
     D:2: 1680 daAuts
     D:1: 1612 daAuts
     D:4: 1343 daAuts
     D:3: 1103 daAuts
     D:6: 555 daAuts
